 Dungeon Crawl Stone Soup version 0.22.1-1-ga44c0e5 (webtiles) character file.

56 Anon1729 the Chopper (level 3, -3/33 HPs)
             Began as a Naga Gladiator on Oct 6, 2018.
             Slain by a gnoll
             ... wielding a +2 halberd of freezing
              (7 damage)
             ... on level 2 of the Dungeon.
             The game lasted 00:03:43 (1593 turns).

Anon1729 the Chopper (Naga Gladiator)               Turns: 1593, Time: 00:03:43

Health: -3/33      AC:  3    Str: 14 (16) XL:     3   Next: 95%
Magic:  3/3        EV: 16    Int:  7 (9)  God:
Gold:   86         SH:  0    Dex: 19 (20) Spells: 2/2 levels left

rFire    . . .     SeeInvis +   a - +0 war axe
rCold    . . .     Gourm    .   (no shield)
rNeg     . . .     Faith    .   b - +0 leather armour
rPois    +         Spirit   .   c - +0 helmet
rElec    .         Reflect  .   (no cloak)
rCorr    .         Harm     .   (no gloves)
MR       .....                  (no barding)
Stlth    ++........             (no amulet)
HPRegen  0.11/turn              j - +3 ring of dexterity
MPRegen  0.08/turn              (no ring)

@: agile, short of breath, very slow
A: large, see invisible, deformed body, poison resistance, slowness 2, slow
metabolism 1, spit poison 1, AC +1
a: Spit Poison


You were on level 2 of the Dungeon.
You were hungry.

You visited 1 branch of the dungeon, and saw 2 of its levels.

You collected 86 gold pieces.

Inventory:

Hand Weapons
 a - a +0 war axe (weapon)
Missiles
 d - 3 throwing nets (quivered)
 o - 6 tomahawks
Armour
 b - a +0 leather armour (worn)
 c - a +0 helmet (worn)
Jewellery
 j - a +3 ring of dexterity (left hand)
 l - an uncursed amulet of inaccuracy
Scrolls
 e - 4 scrolls of remove curse
 g - a scroll of blinking {unknown}
 h - 2 scrolls of teleportation {unknown}
 i - 2 scrolls of identify {unknown}
 k - a scroll of enchant weapon {unknown}
Comestibles
 f - 2 rations
 m - a chunk of flesh


   Skills:
 + Level 2.5 Fighting
 * Level 3.7 Axes
 - Level 2.0 Throwing
 + Level 0.8 Armour
 + Level 2.7 Dodging


You had 2 spell levels left.
You didn't know any spells.
Your spell library was empty.

Dungeon Overview and Level Annotations

Branches:
Dungeon (2/15)

Altars:


Innate Abilities, Weirdness & Mutations

You cannot wear boots.
Your serpentine skin is tough. (AC +1)
You have supernaturally acute eyesight. (SInv)
Armour fits poorly on your strangely shaped body.
Your system is resistant to poisons. (rPois)
You cover ground very slowly.
You have a slow metabolism.
You can spit poison.


Message History

The gnoll freezes you.
* * * LOW HITPOINT WARNING * * *
It was a potion of degeneration.
There was something very wrong with that liquid.
You feel weakened.
You feel dopey.
You feel clumsy.
The gnoll hits you from afar with a halberd of freezing.
* * * LOW HITPOINT WARNING * * *
The gnoll freezes you.
* * * LOW HITPOINT WARNING * * *
Okay, then.
Okay, then.
The gnoll completely misses you.
You have got your breath back.
Press: ? - help, Shift-Dir - straight line, f/p - gnoll
Aim: a gnoll, wielding a spear (almost dead)
The splash of poison hits the gnoll.
The gnoll is poisoned.
The gnoll is moderately wounded.
You feel slightly more hungry.
The gnoll hits you from afar with a halberd of freezing!
You die...

... #..........# ...
#.########[# #.. #.#
#.# # ..# #.# .. #.#
... #.# .. #.#
###########.#
######...gg.@....#
###....#.###########
.......#.######
...g...g........
....g....#######
....###..# .g. #..#
. #..# #$.#


You could see 2 gnolls.

Vanquished Creatures
  An adder (D:2)
  An ooze (D:1)
  A dart slug (D:1)
  3 leopard geckos (D:1)
  A ball python (D:1)
  2 bats (D:1)
  2 giant cockroaches (D:1)
  6 goblins (D:1)
  4 hobgoblins
  3 jackals (D:1)
  3 frilled lizards
  2 kobolds
  6 rats
35 creatures vanquished.

Notes
Turn   | Place    | Note
-------+----------+-------------------------------------------
     0 | D:1      | Anon1729 the Naga Gladiator began the quest for the Orb.
     0 | D:1      | Reached XP level 1. HP: 19/19 MP: 1/1
   294 | D:1      | Reached XP level 2. HP: 17/26 MP: 2/2
   702 | D:1      | HP: 1/26 [jackal (3)]
   940 | D:1      | Reached XP level 3. HP: 32/32 MP: 3/3
  1523 | D:2      | Found a faded altar of an unknown god.
  1593 | D:2      | Slain by a gnoll

Skill      XL: |  1  2 |
---------------+-------+-----
Throwing       | 2 |  2.0
Fighting       | |  2.5
Axes           | |  3.7
Armour         | |  0.8
Dodging        | |  2.7

Action                   || total
-------------------------++-------
Melee: War axe           ||    86
 Abil: Spit Poison       ||     5
  Use: Potion            ||     3
       Scroll            ||     1
 Stab: Sleeping          ||     3
  Eat: Chunk             ||     1
Armor: Leather armour    ||    41
Dodge: Dodged            ||    67
